 Dungeon Crawl Stone Soup version 0.31.0-12-g77e489cdc1 (webtiles) character file.

Game seed: 741857858536093567

25 Anriel the Conjurer (level 2, -28/15 HPs)
             Began as a Deep Elf Conjurer on Feb 21, 2024.
             Killed by an exploding goblin (43 damage)
             ... ignited by their inner flame
             ... on level 1 of the Dungeon.
             The game lasted 00:05:21 (1013 turns).

Anriel the Conjurer (Deep Elf Conjurer)             Turns: 1013, Time: 00:05:22

Health: -28/15     AC:  4    Str:  4    XL:     2   Next: 82%
Magic:  8/8        EV: 12    Int: 22    God:
Gold:   24         SH:  0    Dex: 13    Spells: 5/8 levels left

rFire   . . .        l - +1 dagger (venom)
rCold   . . .        (no shield)
rNeg    . . .        a - +0 robe
rPois   .            f - +0 helmet
rElec   .            (no cloak)
rCorr   .            (no gloves)
SInv    .            e - +0 pair of boots
Will    .....        g - amulet of regeneration
Stlth   ++           (no ring)
HPRegen 1.02/turn    (no ring)
MPRegen 0.11/turn

%: no passive effects
@: no status effects
A: no striking features
a: no special abilities


You were on level 1 of the Dungeon.
You visited 1 branch of the dungeon, and saw 1 of its levels.

You collected 48 gold pieces.
You spent 24 gold pieces at shops.

Inventory:

Hand Weapons
 l - a +1 dagger of venom (weapon)
Armour
 a - a +0 robe (worn)
 e - a +0 pair of boots (worn)
 f - a +0 helmet (worn)
Jewellery
 g - an amulet of regeneration (around neck)
Scrolls
 k - a scroll of teleportation {unknown}
Potions
 b - 2 potions of magic
 h - a potion of lignification


   Skills:
 + Level 2.8 Dodging
 - Level 2.4 Stealth
 * Level 3.8 Spellcasting
 * Level 4.8 Conjurations


You had 5 spell levels left.
You knew the following spells:

 Your Spells              Type           Power      Damage    Failure   Level
a - Magic Dart            Conj           100%       1d8       1%          1
b - Searing Ray           Conj           50%        2d6       2%          2

Your spell library contained the following spells:

 Spells                   Type           Power      Damage    Failure   Level
 Gell's Gravitas          Tloc           4%         N/A       34%         3
 Teleport Other           Tloc           4%         N/A       34%         3
 Fulminant Prism          Conj/Alch      7%         3d7       38%         4
 Iskenderun's Mystic Bla  Conj/Tloc      14%        2d5       38%         4
 Dispersal                Tloc           2%         N/A       100%        6


Dungeon Overview and Level Annotations

Branches:
Dungeon (1/15)

Altars:

Shops:
D:1 ?


Message History

Confirm with . or Enter, or press ? or * to list all spells.
Aiming: Magic Dart (safe; 1% risk of failure)
Press: ? - help, Shift-Dir - straight line, f - endoplasm
Aim: an endoplasm (100% to hit)
The magic dart hits the endoplasm!
You kill the endoplasm!
You now have 48 gold pieces (gained 16).
Magic restored.
Partly explored, can't reach some places.
You see here a +0 dagger.
Things that are here:
a +0 dagger; a kobold skeleton; a hobgoblin skeleton
There is an entrance to Puzal's Magic Scroll Shop here.
m - a scroll of identify Thank you for shopping at Puzal's Magic Scroll Shop!
As you read the scroll of identify, it crumbles to dust.
h - a potion of lignification
As you read the scroll labelled LYG BISHEAHIM, it crumbles to dust.
It is a scroll of enchant weapon.
Your +0 dagger of venom glows red for a moment.
The air fills with toxic fumes!
As you read the scroll labelled FEHEHI URE QEZ, it crumbles to dust.
It was a scroll of poison.
As you read the scroll labelled INAQOO WENTAET, it crumbles to dust.
Wisps of shadow whirl around you...
It was a scroll of summoning.
As you read the scroll labelled BYUSKU DETIT, it crumbles to dust.
The creatures around you are filled with an inner flame!
It was a scroll of immolation.
Your ball python is engulfed in poison gas.
Your ball python is poisoned.
Your ball python's corpse dissolves into shadows!
Your ball python explodes!
The fiery explosion engulfs your goblin!!
Your goblin's corpse dissolves into shadows!
The fiery explosion engulfs your dart slug!!
Your dart slug's corpse dissolves into shadows!
Your dart slug explodes!
Your goblin explodes!
The fiery explosion engulfs you!!!
Ouch! That really hurt!
You die...

####..####.....># #.##.##.#
#..####......# #.#..##.#
#.......###### #§#.###.#
#.####### ######§#.###.#
#.#### #....§§..§§..#
####....######.###§##§#####
......#.##§§§#.#§§.§§.#
#####.#...###§§#§#§####
#####.#..## ##§§@§§#
...##)#..# #§§§###
......##.## ##§###
##.##.##..###§##
......##...§§§#
##..#.######### ###.#.#
###.#.# ......#


There were no monsters in sight!

Vanquished Creatures
  5 endoplasms (D:1)
  A giant cockroach (D:1)
  2 hobgoblins (D:1)
  2 jackals (D:1)
  2 quokkas (D:1)
  3 ball pythons (D:1)
  2 bats (D:1)
  A frilled lizard (D:1)
  2 goblins (D:1)
  2 kobolds (D:1)
22 creatures vanquished.

Notes
Turn   | Place    | Note
-------+----------+-------------------------------------------
     0 | D:1      | Anriel the Deep Elf Conjurer began the quest for the Orb.
     0 | D:1      | Reached XP level 1. HP: 10/10 MP: 6/6
   263 | D:1      | Reached XP level 2. HP: 15/15 MP: 6/8
   266 | D:1      | Learned a level 2 spell: Searing Ray
   639 | D:1      | Found Puzal's Magic Scroll Shop.
  1009 | D:1      | Bought a scroll of identify for 24 gold pieces
  1013 | D:1      | Killed by an exploding goblin... ignited by their inner
                  | flame

Illustrated notes

Levels and vault maps discovered:
D:1:      sevenhm_arrival_forest_fort_small_3, layout_loops_cross, serial_shops,
          shop

Action                     || total
---------------------------++-------
   Cast: Magic Dart        ||    32
         Searing Ray       ||     2
    Use: Scroll            ||     5
 Armour: Robe              ||     2
  Dodge: Dodged            ||     4
